 Dungeon Crawl Stone Soup version bcrawl-1.41.1 (webtiles) character file.

Game seed: 1922614035147231716

426267 Returnofthet the Covert (level 12, -1/71 HPs)
             Began as a Twilight Stalker Gladiator on Apr 25, 2024.
             Slain by a harpy (10 damage)
             ... summoned by Kirke
             ... on level 3 of the Lair of Beasts.
             The game lasted 00:18:45 (11013 turns).

Returnofthet the Covert (VSGl)                     Turns: 11013, Time: 00:18:45

Health: -1/71      AC:  0    Str: 17    XL:     12   Next: 36%
Magic:  18/18      EV: 19    Int:  8    God:
Gold:   743        SH:  0    Dex: 21    Spells: 12/17 levels left

rFire    . . .     GDR:     32%   - Teeth (9.1)
rCold    . . .     SeeInvis .   (shield currently unavailable)
rNeg     . . .     Gourm    .   (armour currently unavailable)
rPois    .         Faith    .   (helmet currently unavailable)
rElec    .         Spirit   .   (cloak currently unavailable)
rCorr    .         Reflect  .   (gloves currently unavailable)
MR       +....                  (boots currently unavailable)
Stlth    +++++++...             O - amulet of regeneration
HPRegen  1.15/turn              (ring currently unavailable)
MPRegen  0.16/turn              (ring currently unavailable)

@: about to teleport, pig-form, studying 2 skills, very quick
A: small, nightstalker 2, regeneration 1, no potion heal 3, rot immunity
a: no special abilities


You were on level 3 of the Lair of Beasts.
You were near starving.
You were a filthy swine.
You visited 3 branches of the dungeon, and saw 13 of its levels.
You also visited: Bailey.

You collected 743 gold pieces.

Inventory:

Hand Weapons
 a - a +1 rapier (melded)
 s - a +0 blowgun
 H - a +2 short sword of venom
Missiles
 d - 8 throwing nets {=f}
 n - 2274 stones
 t - 164 poisoned needles
 E - 76 poisoned tomahawks (quivered)
Armour
 c - a +0 helmet (melded)
 h - a +0 pair of boots (melded)
 w - a +0 cloak (melded)
 I - a +0 buckler (melded)
 J - a +0 troll leather armour (melded)
 P - a +0 pair of gloves (melded)
Jewellery
 q - a +4 ring of evasion (melded)
 x - an uncursed ring of fire
 y - the ring of Midsummer (melded) {rElec Dex+6 Slay+3}
   (You found it on level 4 of the Dungeon)

   [ring of insulation]

   It affects your dexterity (+6).
   It affects your accuracy and damage with ranged weapons and melee attacks
   (+3).
   It insulates you from electricity.
 B - a +7 ring of intelligence
 O - an amulet of regeneration (around neck)
Wands
 K - a wand of paralysis (6)
 M - a wand of flame (25)
 Q - a wand of iceblast (11)
 R - a wand of acid (5)
Scrolls
 g - 5 scrolls of enchant weapon
 i - a scroll of identify
 j - 6 scrolls of remove curse
 k - 2 scrolls of fog
 m - 4 scrolls of amnesia
 o - a scroll of fear
 p - 2 scrolls of revelation
 r - 4 scrolls of teleportation
 A - a scroll of enchant armour
 G - a scroll of vulnerability
 N - a scroll of immolation
 S - a scroll of blinking {unknown}
Potions
 b - a potion of degeneration {unknown}
 f - 3 potions of curing
 l - 3 potions of might
 u - 3 potions of brilliance {unknown}
 v - a potion of haste {unknown}
 z - 2 potions of lignification {unknown}
 C - 3 potions of flight
 D - a potion of agility
 F - a potion of heal wounds {unknown}
 L - 2 potions of berserk rage {unknown}
Comestibles
 e - 22 rations {!d}
 T - 4 chunks of flesh


   Skills:
 + Level 6.3 Fighting
 + Level 10.4 Short Blades
 + Level 5.2 Throwing
 * Level 7.6 Armour
 + Level 5.6 Dodging
 + Level 12.0 Stealth
 * Level 7.6 Shields
 + Level 3.4 Spellcasting
 + Level 2.8 Hexes
 + Level 3.3 Ice Magic


You had 12 spell levels left.
You knew the following spells:

 Your Spells              Type           Power        Failure   Level  Hunger
a - Ensorcelled Hibernat  Hex/Ice        #.....       13%         2    None
b - Tukima's Dance        Hex            #.......     28%         3    ####...

Your spell library contained the following spells:

 Spells                   Type           Power        Failure   Level  Hunger
 Slow                     Hex            #.......     10%         1    None
 Confuse                  Hex            #.......     28%         3    ####...
 Dazzling Orbs            Conj/Hex       #......      45%         3    ####...
 Cause Fear               Hex            #.........   67%         4    #####..
 Airstrike                Air            #.........   97%         4    #####..
 Silence                  Hex/Air        #.........   99%         5    ######.
 Deflect Missiles         Chrm/Air       #.........   100%        6    #######
 Tornado                  Tloc/Air       #.........   100%        8    #######


Dungeon Overview and Level Annotations

Branches:
Dungeon (9/12)             Temple (1/1) D:6            Lair (3/6) D:8
  Snake (0/3) Lair:2          Orc (0/1) D:8
  Swamp: Lair:2-4    Shoals: Lair:2-4    Spider: Lair:2-4

Altars:
Ashenzari
Cheibriados
Dithmenos
Elyvilon
Fedhas
Gozag
Hepliaklqana
Kikubaaqudgha
Lugonu
Makhleb
Nemelex Xobeh
Okawaru
Qazlal
Ru
Sif Muna
Trog
Uskayaw
Vehumet
Wu Jian
Xom
Yredelemnul
Zin
The Shining One

Shops:
D:4 %   D:5 (   D:7 (!*

Annotations:
Lair:3 Kirke


Innate Abilities, Weirdness & Mutations

((You have razor-sharp teeth.))
You are significantly more attuned to the shadows.
Your natural rate of healing is unusually fast.
Potions cannot restore your health.
You are immune to rotting.
((Your bite drains your enemy's life force.))
((Your bites deal extra damage.))
((Your stealth is less affected by armour.))


Message History

The harpy claws you. The harpy claws you! The harpy claws you!
The harpy barely misses you.
You see here a hog skeleton.
The harpy closely misses you. The harpy misses you. The harpy claws you!
The harpy misses you. The harpy misses you. The harpy claws you.
The harpy claws you. The harpy closely misses you.
The harpy closely misses you. The harpy barely misses you.
Okay, then.
As you read the scroll of teleportation, it crumbles to dust.
You feel strangely unstable.
The harpy screeches!
The harpy barely misses you. The harpy closely misses you.
The harpy barely misses you. The harpy claws you!
* * * LOW HITPOINT WARNING * * *
The harpy closely misses you. The harpy barely misses you.
The harpy misses you. The harpy claws you!
* * * LOW HITPOINT WARNING * * *
The harpy claws you!
You die...

###..### #......##
##.......#
##..####..# #..÷.#
#P.# ..... ♣
###.÷#
##.###....♣♣8 #.##
##H@# #..P...
#HH###...# ♣.....
#h###..### #.....
##H# ##H# #..<..
#..###H.# #...##
#....>..# ##...#
##.....##
####....#
##>....###.#......
###P....##...#.##.
...........###.#..
..........## ###..


You could see 3 harpies.

Vanquished Creatures
  Harold (D:8)
  2 hydras
  A two-headed ogre (D:9)
  3 death yaks (D:8)
  An orc knight (Bailey)
  An ugly thing (D:8)
  3 cane toads
  A rime drake (Lair:1)
  4 komodo dragons
  An eye of draining (D:7)
  2 trolls
  3 hippogriffs (Lair:1)
  6 blink frogs
  A basilisk (Lair:2)
  5 yaks (Lair:1)
  A hungry ghost (D:6)
  3 hogs (Lair:3)
  Menkaure (D:7)
  2 crocodiles (Lair:1)
  A naga (Lair:2)
  3 porcupines
  4 water moccasins
  13 orc warriors
  2 sky beasts
  5 ogres
  A phantom (D:7)
  3 wolves (Lair:1)
  2 bullfrogs
  A centaur (D:7)
  A water moccasin zombie (D:7)
  2 scorpions
  6 electric eels (D:8)
  3 orc priests
  A howler monkey (D:4)
  2 bullfrog zombies
  3 crimson imps
  3 hounds
  5 jellies
  Crazy Yiuf (D:2)
  A gnoll shaman (D:6)
  6 orc wizards
  Jessica (D:2)
  4 hell rats
  6 worker ants
  A hound zombie (D:6)
  5 hound skeletons
  4 worker ant zombies
  11 gnolls
  7 adders
  13 river rats
  3 shadow imps
  6 oozes
  2 adder zombies
  An adder skeleton (D:4)
  4 leopard geckos
  39 orcs
  3 bats (D:1)
  4 giant cockroaches
  5 goblins
  8 hobgoblins
  5 jackals (D:3)
  3 quokkas
  2 frilled lizards
  9 kobolds
  6 rats
  A fungus (Lair:1)
264 creatures vanquished.

Vanquished Creatures (others)
  A plant (D:5)
1 creature vanquished.

Grand Total: 265 creatures vanquished

Notes
Turn   | Place    | Note
-------+----------+-------------------------------------------
     0 | D:1      | Returnofthet the Vine Stalker Gladiator began the quest for
                  | the Orb.
     0 | D:1      | Reached XP level 1. HP: 13/13 MP: 2/2
   414 | D:1      | Reached XP level 2. HP: 18/18 MP: 3/3
  1647 | D:2      | Found a runed door.
  1753 | D:2      | Noticed Jessica
  1762 | D:2      | Killed Jessica
  1763 | D:2      | Reached XP level 3. HP: 17/23 MP: 4/4
  2226 | D:3      | Reached XP level 4. HP: 25/28 MP: 5/5
  2265 | D:3      | Reached skill level 1 in Armour
  2580 | D:3      | Noticed an ogre
  2729 | D:3      | Killed an ogre
  2730 | D:3      | Reached skill level 1 in Stealth
  2730 | D:3      | Reached XP level 5. HP: 24/32 MP: 6/6
  3015 | D:3      | Found a hazy altar of Hepliaklqana.
  3043 | D:3      | Gained mutation: You have razor-sharp teeth. [Vine Stalker
                  | growth]
  3043 | D:3      | Reached XP level 6. HP: 22/37 MP: 7/7
  3497 | D:4      | Reached skill level 5 in Short Blades
  3603 | D:4      | Found Minusch's Food Shoppe.
  3620 | D:4      | Reached XP level 7. HP: 42/42 MP: 8/8
  3706 | D:4      | Reached skill level 2 in Stealth
  3782 | D:4      | Reached skill level 3 in Stealth
  3902 | D:4      | Got a smoking brass ring
  3908 | D:4      | Identified the ring of Midsummer {rElec Dex+6 Slay+3} (You
                  | found it on level 4 of the Dungeon)
  3930 | D:4      | Found a corrupted altar of Lugonu.
  4001 | D:4      | Found a snail-covered altar of Cheibriados.
  4402 | D:2      | Noticed Crazy Yiuf
  4408 | D:2      | Killed Crazy Yiuf
  4529 | D:5      | Entered Level 5 of the Dungeon
  4601 | D:5      | Found a white marble altar of Elyvilon.
  4668 | D:5      | Gained mutation: Your bite drains your enemy's life force.
                  | [Twilight Stalker growth]
  4668 | D:5      | Gained mutation: Your stealth is less affected by armour.
                  | [Twilight Stalker growth]
  4668 | D:5      | Gained mutation: You are slightly more attuned to the
                  | shadows. [Twilight Stalker growth]
  4668 | D:5      | Reached XP level 8. HP: 43/48 MP: 8/9
  4677 | D:5      | Learned a level 2 spell: Ensorcelled Hibernation
  4732 | D:5      | Found a stormy altar of Qazlal.
  4910 | D:5      | Reached skill level 1 in Ice Magic
  5069 | D:5      | Learned a level 3 spell: Tukima's Dance
  5075 | D:5      | Reached skill level 1 in Spellcasting
  5085 | D:5      | Found a blossoming altar of Fedhas.
  5245 | D:5      | Reached skill level 4 in Stealth
  5252 | D:5      | Reached skill level 1 in Hexes
  5294 | D:5      | Found Afuu's Hydra Hut.
  5298 | D:5      | Noticed a six-headed hydra
  5309 | D:5      | Got a spiked large shield
  5627 | D:6      | Found a staircase to the Ecumenical Temple.
  5664 | Temple   | Entered the Ecumenical Temple
  5746 | D:6      | Reached skill level 5 in Stealth
  5760 | D:6      | Found an iron altar of Okawaru.
  5837 | D:6      | Noticed a troll
  5850 | D:6      | Killed a troll
  5851 | D:6      | Reached skill level 6 in Stealth
  5851 | D:6      | Reached XP level 9. HP: 43/52 MP: 13/13
  5859 | D:6      | Identified the +0 large shield of Insecurity {MR+++ Int+6
                  | Dex-2 Slay-5} (You found it on level 5 of the Dungeon)
  6288 | D:7      | Found Kialogys's General Store.
  6389 | D:7      | Noticed Menkaure
  6434 | D:7      | Killed Menkaure
  6492 | D:7      | Found a flagged portal.
  6507 | Bailey   | Entered a bailey
  6544 | Bailey   | Reached skill level 7 in Stealth
  7006 | Bailey   | Reached skill level 8 in Stealth
  7025 | Bailey   | Found a roughly hewn altar of Beogh.
  7027 | Bailey   | Noticed an orc knight
  7073 | Bailey   | Reached XP level 10. HP: 43/58 MP: 16/16
  7101 | Bailey   | Killed an orc knight
  7102 | Bailey   | Reached skill level 9 in Stealth
  7378 | D:7      | Found an ornate altar of the Wu Jian Council.
  7458 | D:7      | Found Zugris's Distillery.
  7637 | D:7      | Found Musoara's Antique Weapon Shop.
  7752 | D:8      | Reached skill level 1 in Shields
  7775 | D:8      | Reached skill level 5 in Fighting
  7824 | D:8      | Found a staircase to the Orcish Mines.
  7894 | D:8      | Found a shimmering altar of Xom.
  7937 | D:8      | Found a shimmering blue altar of Sif Muna.
  7951 | D:8      | Found a glowing silver altar of Zin.
  8008 | D:8      | Noticed a death yak
  8066 | D:8      | Found a sacrificial altar of Ru.
  8080 | D:8      | Found an opulent altar of Gozag.
  8081 | D:8      | Noticed Harold
  8082 | D:8      | Killed Harold
  8137 | D:8      | Noticed a death yak
  8139 | D:8      | Found a staircase to the Lair.
  8141 | D:8      | Noticed a death yak
  8143 | D:8      | Killed a death yak
  8144 | D:8      | Reached skill level 5 in Throwing
  8144 | D:8      | Reached skill level 10 in Stealth
  8150 | D:8      | Killed a death yak
  8151 | D:8      | Reached XP level 11. HP: 64/64 MP: 17/17
  8204 | D:8      | Killed a death yak
  8205 | D:8      | Reached skill level 5 in Armour
  8401 | D:8      | Found a bloodstained altar of Trog.
  8467 | D:8      | Found a sparkling altar of Nemelex Xobeh.
  8620 | D:8      | Noticed a purple ugly thing
  8635 | D:8      | Killed a purple ugly thing
  8650 | D:8      | Reached skill level 5 in Shields
  8965 | D:9      | Noticed a two-headed ogre
  8976 | D:9      | Killed a two-headed ogre
  8997 | Lair:1   | Entered Level 1 of the Lair of Beasts
  9008 | Lair:1   | Reached skill level 11 in Stealth
  9048 | Lair:1   | Noticed a five-headed hydra
  9066 | Lair:1   | Killed a five-headed hydra
  9067 | Lair:1   | Reached skill level 5 in Dodging
  9527 | Lair:1   | Reached skill level 10 in Short Blades
  9527 | Lair:1   | Gained mutation: You are significantly more attuned to the
                  | shadows. [Twilight Stalker growth]
  9527 | Lair:1   | Reached XP level 12. HP: 69/69 MP: 18/18
 10126 | Lair:2   | Found a staircase to the Snake Pit.
 10141 | Lair:2   | Noticed an eight-headed hydra
 10148 | Lair:2   | Killed an eight-headed hydra
 10628 | Lair:2   | Reached skill level 12 in Stealth
 10928 | Lair:3   | Noticed Kirke
 11013 | Lair:3   | Slain by a harpy

Skill      XL: |  1  2  3  4  5  6  7  8  9 10 11 12 |
---------------+-------------------------------------+-----
Short Blades   | 3 4 5 6 7 8 10 | 10.4
Fighting       | 3 4 5 6 |  6.3
Armour         | 1 2 4 7 |  7.6
Stealth        | 1 3 6 8 10 11 12 | 12.0
Dodging        | 4 5 |  5.6
Ice Magic      | 2 3 |  3.3
Spellcasting   | 2 3 |  3.4
Hexes          | 2 |  2.8
Throwing       | 3 5 |  5.2
Shields        | 4 6 7 |  7.6

Action                   |  1- 3 |  4- 6 |  7- 9 | 10-12 || total
-------------------------+-------+-------+-------+-------++-------
Melee: Rapier            |    69 |   114 |   168 |   288 ||   639
       Bite              |     3 |    15 |    40 |   119 ||   177
       Unarmed           |       |       |       |    14 ||    14
 Fire: Blowgun           |       |     1 |       |       ||     1
Throw: Stone             |       |     2 |     8 |       ||    10
       Tomahawk          |       |       |    42 |     7 ||    49
  Use: Scroll            |       |       |     7 |     7 ||    14
 Stab: Sleeping          |       |     4 |    31 |    31 ||    66
       Distracted        |       |       |     1 |     3 ||     4
  Eat: Chunk             |     4 |     9 |    15 |    18 ||    46
Armor: Leather armour    |    21 |    13 |    14 |     2 ||    50
       Troll leather arm |       |       |       |    27 ||    27
Dodge: Dodged            |    41 |    88 |   159 |   187 ||   475
Block: Buckler           |       |       |       |    74 ||    74
